Map: Ice and Chrome LE

Players

TYTY (TY) - Winner!

  • Race: Terran Terran
  • League: Grandmaster
  • Spawn Location: 7:00

Solar

  • Race: Zerg Zerg
  • League: Master
  • Spawn Location: 1:00

Event: War Chest Team League

VOD

Have the link to the VOD?

Description

Time

  • Played on: Aug. 16, 2020, 10:43 a.m.
  • Length: 20:23
Show
View Real Time Build Order
Export as new Build Order

TYTY Terran - Winner!

Build Orders: 2 Factory, Gas First Reaper Expand, Hellion Opening 

Get SALT Encoding   

  12  0:00  SCV  
  13  0:12  SCV  
  14  0:16  Supply Depot  
  14  0:24  SCV  
  14  0:28  Refinery  
  15  0:38  SCV  
  16  0:43  Barracks  
  16  0:50  SCV  
  17  1:02  SCV  
  18  1:14  SCV  
  19  1:29  Orbital Command  
  19  1:30  Reaper  
  20  1:40  Command Center  
  20  1:51  Factory  
  20  1:55  SCV  
  21  2:05  Barracks Reactor, Supply Depot  
  21  2:07  SCV  
  22  2:12  Refinery  
  22  2:19  SCV  
  23  2:31  SCV  
  24  2:44  SCV, Hellion  
  27  2:45  Hellion  
  27  2:48  Factory  
  29  2:53  Orbital Command  
  29  2:56  SCV  
  30  3:03  Starport  
  30  3:08  Hellion  
  32  3:13  Hellion  
  32  3:17  SCV  
  32  3:19  SCV  
  36  3:29  SCV  
  36  3:31  SCV  
  38  3:36  Factory Tech Lab  
  38  3:37  Hellion  
  38  3:39  Viking  
  42  3:41  SCV  
  42  3:43  SCV  
  40  3:51  Hellion  
  40  3:52  Supply Depot  
  42  3:55  SCV  
  42  3:56  Barracks Tech Lab  
  42  4:00  Hellion  
  42  4:01  Infernal Pre-Igniter  
  45  4:03  SCV  
  46  4:14  SCV, Hellion  
  53  4:18  Supply Depot  
  53  4:20  SCV  
  54  4:24  Hellion  
  54  4:30  Liberator  
  54  4:37  Supply Depot  
  54  4:39  Supply Depot  
  54  4:40  SCV x2, Hellion x2  
  60  4:50  Supply Depot  
  60  4:54  SCV  
  60  4:56  SCV, Command Center  
  60  4:59  Hellion  
  64  5:03  Hellion  
  64  5:06  SCV  
  67  5:13  Liberator  
  70  5:16  SCV  
  70  5:20  SCV, Marine  
  70  5:21  Stimpack  
  73  5:22  Hellion x2  
  75  5:29  SCV  
  75  5:32  SCV  
  75  5:35  Hellion  
  73  5:41  SCV  
  74  5:43  Hellion  
  74  5:44  SCV  
  74  5:45  Hellion  
  74  5:49  Marine  
  70  5:53  SCV  
  70  5:57  SCV, Hellion  
  71  6:01  Engineering Bay  
  71  6:02  Starport Reactor  
  72  6:09  Hellion  
  72  6:10  Hellion  
  78  6:11  Factory x2  
  78  6:12  Refinery  
  78  6:13  Orbital Command  
  78  6:15  SCV  
  78  6:16  SCV  
  78  6:23  Refinery  
  78  6:24  Hellion  
  80  6:27  SCV  
  80  6:28  SCV  
  82  6:36  Hellion x2  
  82  6:38  SCV  
  82  6:39  SCV  
  84  6:40  SCV  
  83  6:49  Orbital Command  
  83  6:51  SCV  
  80  6:55  Hellion, Factory Tech Lab  
  80  6:56  Factory Tech Lab  
  80  7:00  Armory  
  83  7:01  Armory  
  83  7:02  SCV  
  83  7:04  SCV, Hellion  
  87  7:13  Liberator x2  
  87  7:14  SCV  
  90  7:16  SCV, Hellion  
  90  7:17  Refinery  
  90  7:21  Refinery  
  95  7:25  SCV  
  95  7:26  SCV, Supply Depot  
  95  7:28  SCV  
  98  7:32  Hellion, Supply Depot  
  98  7:33  Supply Depot  
  98  7:34  Supply Depot  
  98  7:40  Supply Depot  
  98  7:48  SCV x2  
  107  7:52  Thor  
  107  7:54  Thor  
  107  7:56  Supply Depot  
  110  7:59  Thor  
  119  8:07  Missile Turret  
  119  8:09  Terran Vehicle Weapons Level 1  
  119  8:11  Command Center  
  114  8:14  Hellion x2  
  114  8:18  Terran Vehicle And Ship Armor Level 1  
  116  8:20  Missile Turret  
  116  8:23  Viking  
  116  8:36  Thor  
  116  8:38  Hellion x2  
  128  8:42  Viking  
  128  8:45  Missile Turret  
  126  8:49  Hellion x2  
  126  8:54  Command Center  
  132  9:04  Hellion x2  
  132  9:08  SCV x3, Command Center  
  133  9:21  Thor  
  134  9:25  Thor  
  134  9:27  Hellion x2  
  138  9:38  Liberator  
  138  9:40  Liberator  
  138  9:41  Missile Turret  
  138  9:44  Sensor Tower  
  144  9:49  Missile Turret  
  148  9:52  Hellion  
  148  9:53  Hellion  
  148  9:56  SCV  
  148  9:57  SCV x2  
  151  10:00  Siege Tank  
  154  10:11  Planetary Fortress  
  154  10:12  Orbital Command  
  154  10:13  Terran Vehicle Weapons Level 2  
  154  10:14  Hellion x2  
  154  10:16  Terran Vehicle And Ship Armor Level 2  
  154  10:17  SCV x3  
  161  10:23  Orbital Command  
  161  10:24  Siege Tank  
  161  10:26  Hellion  
  164  10:33  SCV x2, Missile Turret  
  164  10:34  SCV  
  167  10:38  Refinery  
  167  10:39  Missile Turret  
  167  10:40  Refinery  
  167  10:41  Missile Turret  
  167  10:43  Missile Turret  
  165  10:53  Siege Tank x2  
  165  10:54  Hellion x2  
  169  10:58  Factory  
  169  11:00  Liberator  
  172  11:05  SCV x4  
  178  11:21  Missile Turret  
  178  11:23  Liberator  
  178  11:26  Command Center  
  178  11:27  Supply Depot x2  
  178  11:32  Factory  
  178  11:34  Factory  
  178  11:35  Missile Turret  
  178  11:36  Mag-Field Accelerator  
  178  11:44  Factory Reactor  
  178  11:48  SCV x2, Liberator  
  178  11:49  SCV x2  
  178  11:54  SCV  
  190  11:55  Missile Turret x2  
  190  11:56  Missile Turret  
  192  12:05  Cyclone x2, Widow Mine x2  
  192  12:07  Cyclone  
  192  12:08  Missile Turret  
  193  12:10  Missile Turret  
  193  12:17  Sensor Tower  
  193  12:18  Missile Turret  
  193  12:20  Factory Reactor  
  193  12:22  Supply Depot, Engineering Bay, Liberator  
  193  12:24  Factory Tech Lab  
  193  12:29  Orbital Command  
  169  12:37  Cyclone x2  
  169  12:39  Hellion x2  
  169  12:43  Terran Vehicle Weapons Level 3  
  169  12:44  Supply Depot  
  173  12:50  Cyclone  
  167  12:53  Cyclone  
  167  13:02  Orbital Command  
  167  13:03  Widow Mine x2  
  169  13:06  Widow Mine  
  169  13:07  Widow Mine  
  169  13:09  Cyclone  
  169  13:10  Widow Mine  
  146  13:21  Cyclone  
  146  13:22  Cyclone, Widow Mine  
  146  13:25  Widow Mine  
  135  13:27  SCV x2  
  135  13:28  Widow Mine x2  
  135  13:31  Liberator x2  
  142  13:39  Widow Mine x2  
  142  13:41  Hellion x2  
  148  13:45  Hellion  
  148  13:46  Hellion  
  154  13:52  Hellion x2  
  154  13:55  Terran Vehicle And Ship Armor Level 3  
  158  14:01  Hellion x2  
  162  14:06  Hellion x2  
  162  14:07  Hellion x3  
  162  14:20  Hellion x2  
  162  14:21  Liberator x2  
  172  14:30  Hellion x2  
  170  14:32  Hellion  
  170  14:33  Hellion  
  170  14:35  Cyclone x2  
  170  14:36  Missile Turret  
  179  14:41  Cyclone x2  
  179  14:42  Hellion  
  186  14:48  Hellion  
  186  14:51  Hellion x2  
  192  15:05  Liberator  
  195  15:08  Cyclone x2, Liberator  
  195  15:12  Hellion x2  
  180  15:18  Hellion x2, Drilling Claws  
  180  15:19  Cyclone  
  180  15:21  Hellion x2  
  167  15:25  Hellion  
  157  15:33  Hellion  
  157  15:35  Hellion  
  161  15:39  Hellion  
  161  15:40  Cyclone  
  166  15:45  Smart Servos  
  166  15:46  Cyclone x2  
  170  15:55  Liberator  
  170  15:56  Hellion x4  
  179  15:59  Hellion  
  179  16:00  Hellion  
  183  16:09  Widow Mine  
  183  16:13  Widow Mine  
  183  16:17  Widow Mine  
  185  16:29  Cyclone x2  
  185  16:30  Widow Mine  
  185  16:31  Widow Mine  
  188  16:39  Command Center  
  188  16:42  Widow Mine x2  
  190  16:52  Liberator  
  193  16:58  Sensor Tower  
  193  17:03  Orbital Command  
  193  17:05  Widow Mine  
  195  17:13  Missile Turret  
  195  17:14  Missile Turret  
  195  17:30  Supply Depot  
  195  17:32  Widow Mine  
  195  17:33  Cyclone, Widow Mine  
  195  17:34  Cyclone, Liberator  
  195  17:36  Hellion x2, Cyclone  
  193  17:51  Cyclone  
  196  17:57  Hellion  
  196  17:58  Hellion  
  187  18:04  Hellion  
  187  18:05  Hellion, Cyclone  
  189  18:06  Cyclone  
  189  18:07  SCV x2  
  193  18:18  Hellion x2  
  197  18:22  Sensor Tower  
  197  18:23  Cyclone  
  200  18:37  Barracks  
  181  18:50  SCV, Hellion x2  
  181  18:51  SCV x3  
  181  18:52  Planetary Fortress  
  181  18:55  Cyclone  
  195  18:57  Hellion x2, Liberator x2  
  197  19:05  Missile Turret, Thor  
  197  19:06  Thor  
  200  19:16  Command Center, Missile Turret x2  
  200  19:20  Missile Turret  
  200  19:21  Missile Turret x2  
  200  19:23  Missile Turret  
  195  19:38  Missile Turret  
  198  19:49  Refinery  
  198  19:51  Refinery  
Show
View Real Time Build Order
Export as new Build Order

Solar Zerg 

Build Orders: Hatch First, Muta Ling Bane 

Get SALT Encoding   

  12  0:01  Drone  
  13  0:12  Overlord  
  13  0:17  Drone  
  14  0:31  Drone x2  
  16  0:47  Hatchery  
  15  0:51  Drone  
  15  0:55  Drone  
  17  0:58  Drone  
  18  1:10  Extractor  
  17  1:16  Spawning Pool  
  17  1:18  Drone  
  17  1:22  Drone  
  18  1:29  Drone  
  19  1:39  Drone  
  20  1:51  Drone  
  21  2:02  Queen x2  
  21  2:03  Zergling x4  
  27  2:15  Hatchery  
  27  2:20  Overlord  
  26  2:24  Drone  
  26  2:26  Drone  
  28  2:38  Queen  
  28  2:39  Drone  
  28  2:43  Metabolic Boost  
  31  2:45  Drone  
  31  2:50  Overlord  
  32  2:52  Drone  
  32  2:55  Drone  
  32  2:57  Drone  
  35  3:00  Drone  
  36  3:09  Drone x2  
  36  3:10  Drone  
  36  3:11  Drone  
  40  3:13  Drone  
  40  3:19  Queen  
  43  3:23  Pneumatized Carapace  
  43  3:28  Overlord  
  42  3:37  Evolution Chamber  
  42  3:41  Evolution Chamber  
  39  3:42  Drone x3  
  44  3:50  Drone x6  
  50  3:55  Queen  
  50  4:01  Overlord  
  52  4:04  Drone x2  
  52  4:05  Drone  
  52  4:07  Zergling x2  
  52  4:08  Zergling x2  
  57  4:11  Overlord  
  57  4:14  Drone  
  57  4:15  Drone  
  58  4:18  Overlord  
  58  4:20  Overlord  
  58  4:21  Drone  
  58  4:23  Drone  
  60  4:25  Drone  
  60  4:26  Drone  
  60  4:31  Queen  
  62  4:33  Drone x2  
  62  4:36  Overlord  
  62  4:37  Drone, Extractor  
  66  4:39  Zergling x2  
  66  4:40  Zergling x2  
  66  4:43  Drone x2  
  70  4:46  Zergling x2, Spore Crawler  
  70  4:48  Zergling x2  
  70  4:53  Drone  
  70  4:54  Queen  
  70  4:58  Spine Crawler  
  72  5:00  Drone x3  
  72  5:03  Evolution Chamber x2, Drone  
  72  5:04  Drone  
  75  5:08  Drone  
  75  5:09  Overlord  
  75  5:10  Drone x2  
  75  5:12  Drone  
  75  5:13  Drone  
  81  5:22  Spine Crawler  
  81  5:23  Zergling x12  
  81  5:25  Lair  
  81  5:28  Zergling x6  
  84  5:34  Zergling x8  
  84  5:35  Zergling x2  
  83  5:38  Drone  
  83  5:41  Drone  
  83  5:42  Drone  
  82  5:43  Drone  
  82  5:45  Drone  
  82  5:50  Drone  
  82  5:56  Zerg Melee Weapons Level 1  
  81  5:59  Drone x2  
  81  6:01  Drone x2  
  81  6:02  Drone  
  86  6:05  Zerg Ground Armor Level 1  
  86  6:09  Extractor  
  86  6:10  Baneling Nest, Drone x2, Extractor  
  85  6:12  Drone  
  85  6:13  Drone  
  85  6:16  Spore Crawler  
  85  6:18  Drone, Extractor  
  85  6:19  Drone  
  85  6:20  Drone, Extractor  
  85  6:25  Overlord  
  87  6:30  Drone  
  80  6:33  Drone x2  
  80  6:35  Drone x2  
  80  6:38  Zergling x6  
  80  6:39  Drone  
  82  6:46  Drone x5  
  84  6:51  Drone  
  84  6:53  Drone  
  79  6:56  Spire  
  79  6:57  Drone  
  79  6:58  Overseer  
  79  7:00  Drone x3  
  82  7:03  Drone x2  
  82  7:06  Zergling x4  
  82  7:08  Zergling x4  
  88  7:13  Centrifical Hooks  
  88  7:15  Drone  
  89  7:17  Overlord  
  89  7:20  Drone  
  89  7:21  Overlord  
  90  7:24  Zergling x6  
  91  7:30  Hatchery  
  91  7:31  Drone  
  91  7:33  Overlord  
  91  7:34  Drone  
  92  7:38  Zergling x6  
  92  7:40  Drone x2  
  92  7:42  Overlord  
  97  7:45  Overlord  
  97  7:47  Drone  
  99  7:51  Drone x3  
  99  7:56  Extractor  
  100  8:01  Extractor  
  98  8:07  Mutalisk x8  
  98  8:12  Mutalisk x2  
  116  8:24  Drone x2  
  116  8:25  Zerg Flyer Weapons Level 1  
  116  8:26  Drone  
  117  8:27  Drone x2  
  117  8:28  Drone x2  
  118  8:34  Zergling x14  
  118  8:38  Overlord  
  124  8:44  Mutalisk x3  
  124  8:47  Drone  
  133  8:48  Drone x2  
  133  8:49  Drone  
  133  8:51  Drone  
  133  8:52  Drone  
  133  8:53  Drone  
  138  9:00  Drone x5  
  141  9:03  Overlord, Drone  
  141  9:04  Mutalisk, Drone  
  141  9:08  Overlord  
  143  9:11  Zerg Melee Weapons Level 2  
  143  9:12  Drone  
  143  9:15  Drone  
  137  9:18  Mutalisk x3  
  137  9:20  Mutalisk x2  
  137  9:23  Drone  
  140  9:26  Drone  
  140  9:27  Drone x2  
  140  9:28  Drone x2  
  145  9:35  Overlord  
  145  9:37  Mutalisk  
  147  9:40  Mutalisk x2  
  147  9:41  Hatchery  
  147  9:44  Baneling x4  
  150  9:48  Zergling x12  
  156  9:54  Zergling x10  
  156  9:57  Mutalisk x2  
  156  9:59  Extractor  
  153  10:00  Mutalisk, Extractor  
  153  10:02  Zergling x6  
  153  10:03  Zergling x2  
  153  10:05  Overlord  
  158  10:08  Mutalisk x2  
  158  10:11  Zergling x6  
  158  10:12  Drone  
  164  10:16  Drone x3  
  171  10:22  Baneling x4  
  171  10:27  Zergling x10  
  171  10:28  Baneling x3  
  176  10:31  Zergling x2  
  176  10:32  Zergling x6  
  176  10:33  Baneling x3  
  180  10:36  Zerg Flyer Armor Level 1  
  180  10:37  Corruptor x2  
  180  10:39  Corruptor  
  180  10:42  Drone  
  181  10:51  Mutalisk x2  
  181  10:55  Overlord x2, Drone  
  183  10:57  Infestation Pit, Drone  
  183  11:00  Baneling x11  
  183  11:02  Zergling x12  
  183  11:03  Baneling x3  
  188  11:07  Baneling x4  
  188  11:10  Spine Crawler, Drone  
  181  11:25  Zerg Ground Armor Level 2, Drone  
  182  11:30  Zergling x20  
  182  11:31  Spine Crawler, Baneling  
  182  11:32  Baneling x2  
  191  11:36  Hatchery, Hive  
  191  11:38  Mutalisk  
  191  11:39  Mutalisk  
  192  11:42  Baneling x6  
  192  11:45  Mutalisk  
  192  11:46  Mutalisk  
  195  11:54  Zergling x10  
  195  12:00  Mutalisk x2  
  196  12:04  Zergling x8  
  200  12:13  Baneling  
  200  12:14  Baneling x3  
  199  12:28  Mutalisk  
  199  12:29  Mutalisk x8  
  198  12:30  Zergling x8  
  198  12:35  Zergling x10  
  193  12:42  Zergling x10  
  189  12:44  Zergling x2  
  189  12:45  Zergling x8  
  189  12:47  Zerg Flyer Weapons Level 2  
  189  12:48  Zergling x10  
  185  12:52  Zergling x4  
  185  12:53  Baneling x8  
  185  12:55  Zergling x2  
  185  12:56  Zergling x2, Baneling x2  
  185  12:57  Baneling x10  
  186  12:59  Zergling x4  
  186  13:02  Baneling x6  
  186  13:05  Zergling x6  
  178  13:15  Mutalisk x4  
  178  13:18  Zergling x6  
  144  13:21  Zergling x2  
  144  13:22  Zergling x18  
  137  13:27  Mutalisk x3  
  137  13:29  Zergling x4  
  137  13:34  Mutalisk x2  
  137  13:36  Zergling x4, Baneling x2  
  137  13:37  Baneling x2  
  137  13:38  Overseer  
  143  13:41  Zergling x6  
  143  13:46  Baneling x6  
  143  13:48  Zergling x10  
  150  13:51  Zergling x4  
  150  13:54  Spine Crawler, Extractor  
  150  13:56  Baneling x10  
  150  13:58  Zergling x8  
  150  14:00  Zergling x4  
  154  14:08  Zergling x16  
  160  14:10  Ultralisk Cavern  
  160  14:11  Adrenal Glands  
  160  14:15  Drone x2  
  161  14:17  Zergling x12  
  161  14:19  Baneling x5  
  163  14:26  Zergling x14  
  164  14:31  Zergling x12  
  164  14:32  Zergling x2  
  163  14:48  Zerg Melee Weapons Level 3  
  163  14:49  Zergling x8  
  163  14:50  Zergling x4  
  168  14:53  Baneling x6  
  166  15:00  Drone  
  166  15:02  Corruptor  
  166  15:03  Chitinous Plating  
  166  15:06  Ultralisk x3  
  185  15:11  Zergling x2  
  185  15:12  Zergling x8  
  168  15:20  Zergling x20  
  150  15:25  Zergling x10  
  150  15:27  Zergling x2  
  154  15:35  Zergling x6  
  157  15:40  Baneling x10  
  157  15:42  Baneling  
  157  15:43  Baneling x4  
  157  15:44  Zergling x2  
  157  15:46  Zergling x4  
  157  15:48  Zergling x2  
  161  15:51  Hatchery  
  161  15:54  Zergling x2  
  161  15:55  Zergling x12  
  160  15:57  Baneling x5  
  160  16:03  Baneling x9  
  160  16:05  Zergling x2  
  160  16:08  Zergling x4  
  156  16:13  Zergling x2  
  156  16:18  Zergling x10  
  150  16:22  Anabolic Synthesis  
  142  16:26  Zergling x6  
  142  16:28  Zergling x2  
  142  16:29  Zergling x2  
  142  16:30  Zergling x2  
  139  16:34  Zergling x2  
  139  16:35  Zergling x4  
  139  16:36  Baneling x3  
  139  16:37  Baneling  
  142  16:41  Zergling x2  
  142  16:42  Zergling x4  
  142  16:44  Zergling x6  
  143  16:52  Zergling x18  
  151  16:59  Baneling x6  
  151  17:02  Zergling x4  
  151  17:05  Zergling x6  
  156  17:12  Zerg Flyer Weapons Level 3  
  156  17:13  Zergling x4  
  158  17:17  Zergling x8  
  158  17:25  Zergling x10  
  159  17:31  Zergling x6  
  152  17:41  Mutalisk x5  
  150  17:44  Baneling x5  
  150  17:45  Baneling  
  150  17:46  Mutalisk x3  
  156  17:55  Mutalisk x3  
  150  18:01  Mutalisk x3  
  150  18:03  Baneling x7  
  153  18:05  Mutalisk x2  
  153  18:08  Mutalisk  
  153  18:10  Mutalisk  
  155  18:15  Baneling x4  
  155  18:16  Zergling x8  
  155  18:18  Zergling x2  
  155  18:19  Zergling x2  
  157  18:30  Overseer x2  
  157  18:32  Baneling x5  
  157  18:35  Mutalisk  
  156  18:42  Hatchery  
  156  18:44  Mutalisk  
  156  18:45  Mutalisk x3  
  146  18:48  Zergling x6  
  146  18:49  Zergling x2  
  146  18:50  Baneling x2  
  146  18:53  Zergling x4  
  152  18:56  Zergling x2  
  152  18:57  Zergling x4  
  152  18:59  Zergling x4  
  154  19:04  Zergling x8  
  154  19:05  Zergling x2  
  154  19:07  Zergling x2  
  154  19:09  Baneling x5  
  152  19:17  Zergling x2  
  152  19:18  Zergling x10  
  152  19:20  Baneling x3  
  152  19:22  Baneling x2  
  152  19:23  Baneling  
  158  19:24  Zergling x2  
  158  19:29  Zergling x6  
  158  19:31  Baneling x2  
  156  19:34  Zergling x4  
  156  19:39  Baneling x4  
  156  19:40  Zergling x2  
  156  19:43  Overlord  
  157  19:45  Baneling  
  157  19:46  Baneling x3  
  157  19:48  Zergling x4  
  159  19:54  Zergling x6  
  159  19:58  Zergling x6  
  153  20:00  Zergling x2  
  153  20:03  Zergling x2  
  153  20:04  Zergling x4  
  153  20:05  Zergling x2  
Tags
 
Add a new tag
Caveats
  • Supply blocks, unpowered buildings, or Contaminate may cause inaccurate times.
  • Supply counts are checked every 10 seconds.